AoeStats
← Potatoes are my favourite fruit

African Clearing

510901091Analyzed
4v4 RM · 12h ago on Oct 3, 2026· 41m 28s· 8 players
Game mode
Random Map
Map size
Large (8 player)
Population
200
Speed
Normal
Resources
Standard
Victory
Conquest
Starting age
Dark Age
Ending age
Imperial Age
RankedLock teamsTeams togetherTeam positionsShared explorationLock speedFull tech treeHidden civsTurbo modeCheats
Victory
Defeat
🇦🇷 Franks · Argentina
900
+15
🇺🇾 Khmer · Uruguay
890
+15
887
+15
🇲🇽 Mongols · Mexico
820
+18
🇨🇴 Chinese · Colombia
899
-17
🇺🇸 Magyars · United States
878
-16
🇺🇸 Portuguese · United States
849
-15
🇨🇴 Bohemians · Colombia
839
-15
dajaegbu
11:24 Loom
15:11 Feudal Age
16:12 Double-Bit Axe
17:25 Wheelbarrow
17:41 Horse Collar
20:41 Castle Age
23:42 Bloodlines
25:41 Forging
28:32 Bow Saw
34:22 Imperial Age
34:20 Husbandry
34:46 Scale Barding Armor
36:03 Iron Casting
37:46 Pikeman
38:16 Cavalier
39:06 Scale Mail Armor
40:07 Blast Furnace
39:54 Conscription
ChewedGizmo
15:02 Feudal Age
16:46 Double-Bit Axe
17:47 Wheelbarrow
19:32 Loom
30:03 Castle Age
29:37 Fletching
29:48 Padded Archer Armor
31:47 Hand Cart
mojarra
15:58 Feudal Age
20:12 Castle Age
20:54 Loom
26:09 Man-at-Arms
El Gran Pavka
3:54 Loom
14:37 Feudal Age
19:32 Castle Age
20:49 Arson
21:05 Squires
27:52 Forging
27:50 Scale Barding Armor
29:41 Double-Bit Axe
29:36 Horse Collar
30:51 Bloodlines
30:42 Husbandry
33:06 Chain Barding Armor
33:26 Iron Casting
32:51 Elite Skirmisher
36:17 Bow Saw
36:08 Heavy Plow
40:43 Imperial Age
39:02 Wheelbarrow
40:43 Fletching
40:53 Padded Archer Armor
carle huss
8:41 Loom
13:59 Feudal Age
14:59 Double-Bit Axe
20:50 Castle Age
26:32 Bloodlines
26:22 Husbandry
30:51 Light Cavalry
35:25 Scale Barding Armor
35:32 Forging
37:50 Wheelbarrow
37:23 Tusk Swords
39:13 Gold Mining
39:15 Stone Mining
Potatoes are my favourite fruit
4:11 Loom
6:06 Loom
14:37 Feudal Age
19:52 Castle Age
17:42 Double-Bit Axe
18:47 Stone Mining
19:00 Fishing Lines
19:52 Fletching
21:54 Wheelbarrow
28:19 Hand Cart
29:43 Bow Saw
29:39 Gillnets
30:45 Horse Collar
32:15 Bloodlines
32:05 Husbandry
37:25 Imperial Age
34:55 Bodkin Arrow
35:24 Ballistics
35:14 Masonry
35:58 Padded Archer Armor
36:04 Scale Barding Armor
36:11 Forging
37:40 Elite Conquistador
39:25 Chemistry
38:10 Cavalier
38:55 Bracer
39:11 Leather Archer Armor
39:24 Conscription
39:54 Pikeman
40:35 Squires
Adrian Veidt702
12:52 Feudal Age
20:19 Castle Age
19:16 Gold Mining
19:20 Double-Bit Axe
25:35 Fletching
28:09 Bodkin Arrow
30:40 Wheelbarrow
30:55 Bloodlines
31:02 Padded Archer Armor
36:42 Imperial Age
34:51 Leather Archer Armor
36:51 Husbandry
37:42 Bracer
38:36 Gold Shaft Mining
39:07 Ballistics
Teniente DAN
4:14 Loom
14:42 Feudal Age
15:27 Double-Bit Axe
23:30 Castle Age
23:14 Wheelbarrow
25:52 Husbandry
29:36 Hand Cart
29:58 Squires
31:38 Pikeman
39:25 Imperial Age
36:49 Fletching
37:10 Forging
37:41 Arson
39:41 Iron Casting
41:54 Bodkin Arrow
43:01 Blast Furnace
42:06 Scale Barding Armor
42:17 Bow Saw
Connection lost

Rejoining the realm…

Still unreachable

The connection could not be restored.

Session expired

The server has moved on; the page needs a fresh start.